 Dungeon Sprint DCSS version 0.18-a0-1347-gb9e2fb4 (webtiles) character file.

264 Kidiri the Covert (level 5, -3/26 (27) HPs)
             Began as a Spriggan Enchanter on Feb 17, 2016.
             Slain by Menkaure (7 damage)
             ... in the Dungeon (Sprint II: "The Violet Keep of Menkaure").
             The game lasted 00:02:32 (82 turns).

Kidiri the Covert (Spriggan Enchanter)                Turns: 82, Time: 00:02:32

HP:   -3/26 (27)    AC:  3    Str:  4    XL:     5   Next: 98%
MP:   10/15         EV: 23    Int: 17    God:
Gold: 243           SH:  0    Dex: 17    Spells: 2 memorised, 14 levels left

rFire  . . .     SeeInvis +     a - +1 dagger
rCold  . . .     Gourm    .     b - +1 robe
rNeg   . . .     Faith    .     (shield restricted)
rPois  .         Spirit   .     (helmet restricted)
rElec  .         Dismiss  .     (no cloak)
rCorr  .         Reflect  .     (gloves unavailable)
SustAt .         Harm     .     (boots unavailable)
MR     .....     NoTele   +     (no amulet)
Stlth  +++++.....               (no ring)
                                (no ring)

@: exhausted, very slightly contaminated, slowed, quick, not resistant to
hostile enchantments, quite stealthy
A: unfitting armour, see invisible, herbivore 3, speed 3, slow metabolism 2
a: no special abilities


You were in the Dungeon.
You were not hungry.

You visited 1 branch You collected 243 gold pieces.

Inventory:

Hand Weapons
 a - a +1 dagger (weapon)
Armour
 b - a +1 robe (worn)
Potions
 e - a potion of curing
 g - a potion of haste
 h - 2 potions of magic
Books
 c - a book of Maledictions

   Spells                             Type                      Level
   a - Corona                         Hexes                        1
   b - Ensorcelled Hibernation        Hexes/Ice                    2
   c - Confuse                        Hexes                        3
   d - Tukima's Dance                 Hexes                        3
   e - Dazzling Spray                 Conjuration/Hexes            3
Comestibles
 d - a bread ration


   Skills:
 + Level 2.6 Fighting
 * Level 5.4 Short Blades
 + Level 2.4 Armour
 * Level 7.6 Dodging
 * Level 9.2 Stealth
 * Level 6.7 Spellcasting
 + Level 5.5 Hexes
 + Level 2.5 Ice Magic


You had 14 spell levels left.
You knew the following spells:

 Your Spells              Type           Power        Failure   Level  Hunger
a - Corona                Hex            ###....      1%          1    None
b - Ensorcelled Hibernat  Hex/Ice        ###...       3%          2    None


Dungeon Overview and Level Annotations

Branches:
Dungeon (1/1)

Altars:

Annotations:
D exclusion: Roxanne, Menkaure, Roxanne


Innate Abilities, Weirdness & Mutations

You are tiny and cannot use many weapons and most armour.
You have supernaturally acute eyesight.
You are an herbivore.
You cover ground extremely quickly.
You need consume almost no food.


Message History

Menkaure is almost destroyed.
Menkaure calls on the powers of darkness!
Your body is wracked with pain!
* * * LOW HITPOINT WARNING * * *
You hit Menkaure.
Menkaure is almost destroyed.
Menkaure misses you. x2
You hit Menkaure.
Menkaure is almost destroyed.
Menkaure completely misses you.
You hit Menkaure but do no damage.
Menkaure is almost destroyed.
Menkaure misses you.
You barely miss Menkaure.
Menkaure is almost destroyed.
Menkaure completely misses you. x2
You hit Menkaure but do no damage.
Menkaure is almost destroyed.
Menkaure hits you!
You die...

##.#.##
#%##.%#
#
###..##
#. #+##
#H##.##
#+.<.+
#.##n##
#H
##M## #
#.@.#
#..#..#
##. .##
## ##


You could see a necrophage and Menkaure.

Vanquished Creatures
  3 necrophages (D)
  3 worms (D)
6 creatures vanquished.

Vanquished Creatures (others)
  A crocodile (D)
1 creature vanquished.

Grand Total: 7 creatures vanquished

Notes
Turn   | Place    | Note
--------------------------------------------------------------
     0 | D        | Kidiri the Spriggan Enchanter began the quest for the Orb.
     0 | D        | Reached XP level 1. HP: 9/9 MP: 5/5
     6 | D        | Reached skill level 5 in Stealth
    15 | D        | Noticed Roxanne
    18 | D        | Reached XP level 2. HP: 13/13 MP: 5/7
    21 | D        | Killed a crocodile
    26 | D        | Learned a level 2 spell: Ensorcelled Hibernation
    43 | D        | Noticed a hippogriff
    43 | D        | Noticed a hippogriff
    46 | D        | Noticed a necrophage
    46 | D        | Noticed a necrophage
    46 | D        | Noticed a necrophage
    46 | D        | Noticed a necrophage
    56 | D        | Noticed Menkaure
    56 | D        | Killed a necrophage
    56 | D        | Reached skill level 1 in Fighting
    56 | D        | Reached skill level 1 in Armour
    56 | D        | Reached skill level 5 in Dodging
    56 | D        | Reached skill level 7 in Stealth
    56 | D        | Reached skill level 5 in Spellcasting
    56 | D        | Reached skill level 1 in Ice Magic
    56 | D        | Reached XP level 3. HP: 17/17 MP: 7/10
    56 | D        | Reached XP level 4. HP: 22/22 MP: 8/12
    64 | D        | Killed a necrophage
    64 | D        | Reached skill level 8 in Stealth
    64 | D        | Reached skill level 5 in Hexes
    64 | D        | Reached XP level 5. HP: 20/25 MP: 8/14
    69 | D        | Killed a necrophage
    69 | D        | Reached skill level 5 in Short Blades
    69 | D        | Reached skill level 9 in Stealth
    82 | D        | Slain by Menkaure

Vault maps used:
D:        the_violet_keep_of_menkaure

Action                   |  1- 3 |  4- 6 || total
-------------------------+-------+-------++-------
Melee: Dagger            |    11 |    20 ||    31
  Use: Potion            |     1 |     1 ||     2
       Scroll            |       |     1 ||     1
 Stab: Sleeping          |     3 |       ||     3
